Gangsters vs Inferno
(R1)
Created - 29 novembre 2013 at 19:08
Goals
|
| Gangsters |
2 |
2 |
1 |
0 |
5 |
| Inferno |
1 |
1 |
3 |
1 |
6 |
|
Shots
|
| Gangsters |
5 |
16 |
15 |
0 |
36 |
| Inferno |
5 |
11 |
16 |
1 |
33 |
|
1st period
1. Inferno , Jozef Balej 10 (Stephane Veilleux, Derek Meech) at 0:37
2. Gangsters , Ryan Keller 13 (Bryan Young, Ben Holmstrom) at 6:59
3. Gangsters , Chris Bourque 16 (Shaun Heska) at 13:54
Penalties :
Shaun Heska (Bro) for Interference (Minor) at 1:29, Brad Marchand (Anc) for Tripping (Minor) at 9:14
2nd period
4. Gangsters , Chris Bourque 17 (Staffan Kronwall, Cory Murphy) at 3:41 (PP)
5. Inferno , Vladimir Zharkov 5 (Mark Mitera, Vladimir Sobotka) at 5:05
6. Gangsters , Nick Foligno 7 (Cory Murphy) at 15:19 (PP)
Penalties :
Chris Bourque (Bro) for Hooking (Minor) at 0:19, Josh Harding (Anc) for Slashing (Minor) at 2:53 - Pierre-Luc Létourneau served the penalty, Dave Dziurzynski (Bro) for Cross-checking (Minor) at 9:27, Vladimir Zharkov (Anc) for Interference (Minor) at 9:55, Yannick Weber (Anc) for Holding (Minor) at 14:43, Mikhail Grabovski (Anc) for Hooking (Minor) at 17:07, Dave Dziurzynski (Bro) for Tripping (Minor) at 17:07
3rd period
7. Gangsters , Brock Bradford 2 (Cory Murphy, Mikko Lehtonen) at 1:57
8. Inferno , Brad Marchand 8 (Mikhail Grabovski) at 6:40 (PP)
9. Inferno , Jonathan Ferland 12 (Mikhail Grabovski, Brad Marchand) at 14:21 (PP)
10. Inferno , Brad Marchand 9 (Mikhail Grabovski) at 16:09
Penalties :
Jozef Balej (Anc) for Interference (Minor) at 4:22, Dave Dziurzynski (Bro) for Roughing (Minor) at 6:38, Brad Marchand (Anc) for Tripping (Minor) at 8:42, Ryan Jones (Bro) for Roughing (Minor) at 14:09, Stephane Veilleux (Anc) for Roughing (Minor) at 16:01, Shaun Heska (Bro) for High sticking (Minor) at 16:01, Matt Kassian (Anc) for Cross-checking (Minor) at 19:03
Overtime #1
11. Inferno , Brad Marchand 10 (Mikhail Grabovski, Vladimir Sobotka) at 1:23
Penalties :
No Penalty
Goalie Stats
David LeNeveu (Bro), 27 saves from 33 shots - (0,818), OTL, 7-4-1, 61:23 minutes
Jonathan Boutin (Anc), 16 saves from 17 shots - (0,941), W, 4-3-0, 26:04 minutes
Josh Harding (Anc), 15 saves from 19 shots - (0,789), 35:19 minutes
Players Stats for Gangsters
Player Name G A P +/- PIM S H SB GA TA FO MP PP MP PK MP
------------------------------------------------------------------------------------
Alexandre Bolduc 0 0 0 2 0 0 1 2 1 0 10/25 20:43 4:46 1:40
Alexei Emelin 0 0 0 -1 0 1 0 1 0 0 0/0 21:31 3:15 1:51
Artem Anisimov 0 0 0 -1 0 1 1 0 0 0 4/8 14:52 3:25 0:00
Ben Holmstrom 0 1 1 -1 0 1 1 0 0 1 1/1 7:03 0:00 0:55
Bradley Malone 0 0 0 0 0 0 0 0 0 0 0/0 0:00 0:00 0:00
Brock Bradford 1 0 1 0 0 3 2 0 0 0 5/7 13:44 0:22 0:00
Bryan Young 0 1 1 2 0 0 0 1 0 0 0/0 9:20 0:11 0:00
Chris Bourque 2 0 2 1 2 7 3 1 1 0 1/3 22:44 4:58 1:41
Colten Teubert 0 0 0 0 0 0 0 0 0 0 0/0 2:06 0:00 0:00
Cory Murphy 0 3 3 -2 0 4 0 4 1 0 0/0 29:14 5:30 2:49
Dave Dziurzynski 0 0 0 1 6 0 2 0 0 0 0/1 11:44 0:06 0:00
Luke Gazdic 0 0 0 -1 0 0 0 0 0 0 0/0 5:44 0:00 0:28
Maxime Sauvé 0 0 0 0 0 0 0 0 0 0 0/0 0:00 0:00 0:00
Mikko Lehtonen 0 1 1 0 0 1 1 0 1 0 1/1 14:44 0:39 0:00
Nathan Moon 0 0 0 0 0 0 0 0 0 0 0/0 0:00 0:00 0:00
Nick Foligno 1 0 1 -1 0 5 4 0 0 0 0/0 16:07 3:25 1:06
Phil McRae 0 0 0 0 0 0 0 0 0 0 0/0 0:00 0:00 0:00
Ryan Jones 0 0 0 -1 2 4 2 0 1 0 4/4 17:39 3:25 0:51
Ryan Keller 1 0 1 0 0 3 1 0 0 1 6/12 26:54 4:58 2:39
Shaun Heska 0 1 1 2 4 0 0 2 0 0 0/0 9:29 0:00 0:00
Staffan Kronwall 0 1 1 -2 0 6 1 4 0 1 0/0 30:43 5:30 2:49
Ville Koistinen 0 0 0 -1 0 0 1 4 0 0 0/0 20:54 3:15 1:51
Players Stats for Inferno
Player Name G A P +/- PIM S H SB GA TA FO MP PP MP PK MP
------------------------------------------------------------------------------------
Alex Berry 0 0 0 0 0 1 0 1 0 0 0/0 9:04 0:00 0:00
Andrej Sekera 0 0 0 0 0 2 2 0 0 0 0/0 28:56 3:05 6:30
Brad Marchand 3 1 4 0 4 9 0 0 0 0 1/2 20:30 2:36 0:54
Brendan Mikkelson 0 0 0 1 0 2 0 0 0 0 0/0 21:07 1:35 3:18
Brendan Smith 0 0 0 1 0 2 3 1 1 1 0/0 21:07 1:35 3:18
Brian Boyle 0 0 0 0 0 0 0 1 0 0 6/13 15:10 0:00 5:38
Colin Wilson 0 0 0 0 0 0 0 0 0 0 3/8 14:48 2:04 0:05
Derek Meech 0 1 1 0 0 1 2 1 0 0 0/0 28:56 3:05 6:30
Jonathan Ferland 1 0 1 -2 0 3 3 1 0 3 1/2 22:26 2:36 5:02
Jozef Balej 1 0 1 0 2 1 5 0 0 0 0/0 12:34 0:00 0:00
Mark Mitera 0 1 1 0 0 1 0 0 0 1 0/0 11:20 0:00 0:00
Matt Kassian 0 0 0 1 2 1 1 0 0 0 0/0 6:31 0:00 0:00
Mikhail Grabovski 0 4 4 0 2 1 0 1 0 0 19/34 19:39 2:36 1:04
Pierre-Luc Létourneau 0 0 0 0 0 2 3 0 0 0 0/0 13:14 0:00 2:31
Stephane Veilleux 0 1 1 0 2 0 1 0 1 0 0/2 15:11 2:04 0:18
Vladimir Sobotka 0 2 2 1 0 1 0 0 0 0 0/1 9:33 0:00 3:01
Vladimir Zharkov 1 0 1 1 2 5 3 0 1 0 0/0 8:42 2:03 0:00
Yannick Weber 0 0 0 0 2 1 0 2 0 0 0/0 11:19 0:00 0:00
3 Stars
1 - Brad Marchand (Anc)
2 - Chris Bourque (Bro)
3 - Mikhail Grabovski (Anc)
Power Play
Gangsters - 2 on 7 Attempt(s) - 28,57%
Inferno - 2 on 6 Attempt(s) - 33,33%
Penalty Kill
Gangsters - 4 on 6 Attempt(s) - 66,67%
- Score 0 goal in Penalty Kill
Inferno - 5 on 7 Attempt(s) - 71,43%
- Score 0 goal in Penalty Kill
Official
Referees : Watson Brad and Devorski Paul
Linesman : Bryan Pancich and Michel Cormier
Game Notes
Jonathan Boutin enters game at 15:19 of 2nd period
18:23 of 3rd period - Penalty Shot by Staffan Kronwall for Gangsters - Stopped by Jonathan Boutin
Brad Marchand has scored a Hat Trick!
Finance
Level 1 -- Attendance: 1538 (76,90%) -- Ticket Income 53 830 $
Level 2 -- Attendance: 753 (75,30%) -- Ticket Income 11 295 $
Total Attendance: 2291 (76,37%)
Total Ticket Income: 65 125 $
Other Income: 3 256 $
Total Income: 68 381 $
Gangsters
5 vs 5 Forward
Center Left Wing Right Wing Time % Phy DF OF
1 Alexandre Bolduc Chris Bourque Ryan Keller 40 1 2 2
2 Artem Anisimov Nick Foligno Ryan Jones 30 1 2 2
3 Brock Bradford Dave Dziurzynski Mikko Lehtonen 20 1 2 2
4 Ben Holmstrom Luke Gazdic Ryan Keller 10 1 2 2
5 vs 5 Defense
Defense Defense Time % Phy DF OF
1 Staffan Kronwall Cory Murphy 40 1 2 2
2 Alexei Emelin Ville Koistinen 30 1 2 2
3 Shaun Heska Bryan Young 20 1 2 2
4 Colten Teubert Staffan Kronwall 10 1 2 2
PowerPlay Forward
Center Left Wing Right Wing Time % Phy DF OF
1 Alexandre Bolduc Chris Bourque Ryan Keller 60 1 2 2
2 Artem Anisimov Nick Foligno Ryan Jones 40 1 2 2
PowerPlay Defense
Defense Defense Time % Phy DF OF
1 Staffan Kronwall Cory Murphy 60 1 2 2
2 Alexei Emelin Ville Koistinen 40 1 2 2
Penalty Kill 4 Players Forward
Center Wing Time % Phy DF OF
1 Ryan Keller Chris Bourque 60 1 2 2
2 Ryan Jones Alexandre Bolduc 40 1 2 2
Penalty Kill 4 Players Defense
Defense Defense Time % Phy DF OF
1 Staffan Kronwall Cory Murphy 60 1 2 2
2 Alexei Emelin Ville Koistinen 40 1 2 2
Penalty Kill - 3 Players Forward
Forward Time % Phy DF OF
1 Ryan Keller 60 1 2 2
2 Chris Bourque 40 1 2 2
Penalty Kill - 3 Players Defense
Defense Defense Time % Phy DF OF
1 Staffan Kronwall Cory Murphy 60 1 2 2
2 Alexei Emelin Ville Koistinen 40 1 2 2
4 vs 4 Forward
Center Wing Time % Phy DF OF
1 Ryan Keller Chris Bourque 60 1 2 2
2 Ryan Jones Alexandre Bolduc 40 1 2 2
4 vs 4 Defense
Defense Defense Time % Phy DF OF
1 Staffan Kronwall Cory Murphy 60 1 2 2
2 Alexei Emelin Ville Koistinen 40 1 2 2
Last Minutes Offensive
Center Left Wing Right Wing Defense Defense
Alexandre Bolduc Chris Bourque Ryan Keller Staffan Kronwall Cory Murphy
Last Minutes Defensive
Center Left Wing Right Wing Defense Defense
Alexandre Bolduc Chris Bourque Ryan Keller Staffan Kronwall Cory Murphy
Goaltenders
Starting : David LeNeveu
Backup : Dustin Tokarski
Extra Forwards
Normal : Mikko Lehtonen, Brock Bradford, Ben Holmstrom - PP : Mikko Lehtonen, Brock Bradford - PK : Ben Holmstrom
Extra Defensemen
Normal : Shaun Heska, Bryan Young, Colten Teubert - PP : Shaun Heska - PK : Bryan Young, Colten Teubert
Penalty Shots
Ryan Keller, Chris Bourque, Ryan Jones, Alexandre Bolduc, Nick Foligno
Inferno
5 vs 5 Forward
Center Left Wing Right Wing Time % Phy DF OF
1 Mikhail Grabovski Brad Marchand Jonathan Ferland 40 1 2 2
2 Colin Wilson Stephane Veilleux Jozef Balej 30 1 2 2
3 Brian Boyle Pierre-Luc Létourneau Alex Berry 20 1 2 2
4 Vladimir Sobotka Matt Kassian Vladimir Zharkov 10 1 2 2
5 vs 5 Defense
Defense Defense Time % Phy DF OF
1 Andrej Sekera Derek Meech 40 1 2 2
2 Brendan Smith Brendan Mikkelson 30 1 2 2
3 Mark Mitera Yannick Weber 20 1 2 2
4 Andrej Sekera Derek Meech 10 1 2 2
PowerPlay Forward
Center Left Wing Right Wing Time % Phy DF OF
1 Mikhail Grabovski Brad Marchand Jonathan Ferland 60 1 2 2
2 Colin Wilson Stephane Veilleux Vladimir Zharkov 40 1 2 2
PowerPlay Defense
Defense Defense Time % Phy DF OF
1 Andrej Sekera Derek Meech 60 1 2 2
2 Brendan Smith Brendan Mikkelson 40 1 2 2
Penalty Kill 4 Players Forward
Center Wing Time % Phy DF OF
1 Brian Boyle Jonathan Ferland 60 1 3 1
2 Vladimir Sobotka Pierre-Luc Létourneau 40 1 3 1
Penalty Kill 4 Players Defense
Defense Defense Time % Phy DF OF
1 Andrej Sekera Derek Meech 60 1 3 1
2 Brendan Smith Brendan Mikkelson 40 1 3 1
Penalty Kill - 3 Players Forward
Forward Time % Phy DF OF
1 Brian Boyle 60 1 4 0
2 Vladimir Sobotka 40 1 4 0
Penalty Kill - 3 Players Defense
Defense Defense Time % Phy DF OF
1 Andrej Sekera Derek Meech 60 1 4 0
2 Brendan Smith Brendan Mikkelson 40 1 4 0
4 vs 4 Forward
Center Wing Time % Phy DF OF
1 Mikhail Grabovski Brad Marchand 60 1 2 2
2 Colin Wilson Jonathan Ferland 40 1 2 2
4 vs 4 Defense
Defense Defense Time % Phy DF OF
1 Andrej Sekera Derek Meech 60 1 2 2
2 Brendan Smith Brendan Mikkelson 40 1 2 2
Last Minutes Offensive
Center Left Wing Right Wing Defense Defense
Mikhail Grabovski Brad Marchand Jonathan Ferland Andrej Sekera Derek Meech
Last Minutes Defensive
Center Left Wing Right Wing Defense Defense
Mikhail Grabovski Brad Marchand Jonathan Ferland Andrej Sekera Derek Meech
Goaltenders
Starting : Josh Harding
Backup : Jonathan Boutin
Extra Forwards
Normal : Stephane Veilleux, Pierre-Luc Létourneau, Jozef Balej - PP : Vladimir Sobotka, Pierre-Luc Létourneau - PK : Vladimir Sobotka
Extra Defensemen
Normal : Andrej Sekera, Brendan Smith, Brendan Mikkelson - PP : Brendan Smith - PK : Andrej Sekera, Brendan Smith
Penalty Shots
Mikhail Grabovski, Colin Wilson, Jonathan Ferland, Vladimir Sobotka, Vladimir Zharkov
% Time on Ice - Gangsters
Lines # - Real PCT - Wanted PCT - Time Play
Normal Forward
1 - 31% - 40% - 12:56
2 - 29% - 30% - 11:45
3 - 27% - 20% - 11:10
4 - 13% - 10% - 5:15
Normal Defense
1 - 41% - 40% - 16:52
2 - 32% - 30% - 12:59
3 - 22% - 20% - 9:09
4 - 5% - 10% - 2:06
PP Forward
1 - 61% - 60% - 5:20
2 - 39% - 40% - 3:25
PP Defense
1 - 63% - 60% - 5:30
2 - 37% - 40% - 3:15
PK Forward
1 - 82% - 60% - 3:49
2 - 18% - 40% - 0:51
PK Defense
1 - 60% - 60% - 2:49
2 - 40% - 40% - 1:51
PK3 Forward
1 - 0% - 60%
2 - 0% - 40%
PK3 Defense
1 - 0% - 60%
2 - 0% - 40%
44 Forward
1 - 76% - 60% - 5:13
2 - 24% - 40% - 1:39
44 Defense
1 - 59% - 60% - 4:03
2 - 41% - 40% - 2:49
Last Minute Offensive - 0:00
Last Minute Defensive - 0:00
Total
Forward - 61:23
Defense - 61:23
|
% Time on Ice - Inferno
Lines # - Real PCT - Wanted PCT - Time Play
Normal Forward
1 - 34% - 40% - 13:53
2 - 28% - 30% - 11:42
3 - 22% - 20% - 9:04
4 - 16% - 10% - 6:27
Normal Defense
1 - 38% - 40% - 15:49
2 - 34% - 30% - 13:56
3 - 28% - 20% - 11:20
4 - 0% - 10% - 0:01
PP Forward
1 - 56% - 60% - 2:36
2 - 44% - 40% - 2:04
PP Defense
1 - 66% - 60% - 3:05
2 - 34% - 40% - 1:35
PK Forward
1 - 78% - 60% - 6:47
2 - 22% - 40% - 1:58
PK Defense
1 - 67% - 60% - 5:54
2 - 33% - 40% - 2:51
PK3 Forward
1 - 76% - 60% - 0:48
2 - 24% - 40% - 0:15
PK3 Defense
1 - 57% - 60% - 0:36
2 - 43% - 40% - 0:27
44 Forward
1 - 84% - 60% - 4:52
2 - 16% - 40% - 0:57
44 Defense
1 - 60% - 60% - 3:31
2 - 40% - 40% - 2:18
Last Minute Offensive - 0:00
Last Minute Defensive - 0:00
Total
Forward - 61:23
Defense - 61:23
|
Play by Play
1st period
0:01 of 1st period - Mikhail Grabovski wins face-off versus Alexandre Bolduc in neutral zone.
0:37 of 1st period - Snap shot by Jozef Balej.
0:37 of 1st period - Goal by Jozef Balej - Gangsters : 0 - Inferno : 1.
0:38 of 1st period - Brock Bradford wins face-off versus Brian Boyle in neutral zone.
1:03 of 1st period - Alexei Emelin is hit by Brendan Smith and loses puck.
1:12 of 1st period - Wrist shot by Vladimir Sobotka.
1:12 of 1st period - Shot Misses the Net.
1:26 of 1st period - Wrist shot by Colin Wilson.
1:26 of 1st period - Shot Blocked by Ville Koistinen.
1:28 of 1st period - Slapshot by Yannick Weber.
1:28 of 1st period - Stopped by David LeNeveu without a rebound.
1:29 of 1st period - Ryan Jones wins face-off versus Mikhail Grabovski in Gangsters zone.
1:29 of 1st period - Minor Penalty to Shaun Heska for Interference.
1:30 of 1st period - Brad Marchand wins face-off versus Ryan Keller in Gangsters zone.
3:10 of 1st period - Icing by Andrej Sekera.
3:11 of 1st period - Ryan Jones wins face-off versus Colin Wilson in Inferno zone.
3:16 of 1st period - Wrist shot by Alexandre Bolduc.
3:16 of 1st period - Shot Hit the Post.
3:29 of 1st period - Penalty to Shaun Heska is over, Shaun Heska is back on ice.
3:38 of 1st period - Brian Boyle is hit by Brock Bradford and loses puck.
3:47 of 1st period - Ville Koistinen is hit by Pierre-Luc Létourneau and loses puck.
4:22 of 1st period - Chris Bourque is hit by Jonathan Ferland and loses puck.
5:56 of 1st period - Matt Kassian is hit by Ryan Jones and loses puck.
6:09 of 1st period - Chris Bourque is hit by Pierre-Luc Létourneau and loses puck.
6:51 of 1st period - Icing by Jonathan Ferland.
6:52 of 1st period - Ben Holmstrom wins face-off versus Mikhail Grabovski in Inferno zone.
6:57 of 1st period - Slapshot by Ryan Keller.
6:57 of 1st period - Shot Misses the Net.
6:59 of 1st period - Snap shot by Ryan Keller.
6:59 of 1st period - Goal by Ryan Keller - Gangsters : 1 - Inferno : 1.
7:00 of 1st period - Mikhail Grabovski wins face-off versus Alexandre Bolduc in neutral zone.
7:32 of 1st period - Slapshot by Jozef Balej.
7:32 of 1st period - Shot Misses the Net.
7:34 of 1st period - Wrist shot by Stephane Veilleux.
7:34 of 1st period - Shot Misses the Net.
7:46 of 1st period - Brian Boyle is hit by Dave Dziurzynski and loses puck.
8:13 of 1st period - Snap shot by Ryan Keller.
8:13 of 1st period - Shot Blocked by Brian Boyle.
8:15 of 1st period - Snap shot by Bryan Young.
8:15 of 1st period - Shot Blocked by Alex Berry.
8:17 of 1st period - Wrist shot by Ryan Keller.
8:17 of 1st period - Stopped by Josh Harding with a rebound.
8:19 of 1st period - Slapshot by Ryan Keller.
8:19 of 1st period - Shot Blocked by Brendan Smith.
8:29 of 1st period - Snap shot by Brad Marchand.
8:29 of 1st period - Stopped by David LeNeveu with a rebound.
9:05 of 1st period - Slapshot by Vladimir Zharkov.
9:05 of 1st period - Stopped by David LeNeveu with a rebound.
9:07 of 1st period - Wrist shot by Vladimir Sobotka.
9:07 of 1st period - Stopped by David LeNeveu without a rebound.
9:08 of 1st period - Brock Bradford wins face-off versus Mikhail Grabovski in Gangsters zone.
9:14 of 1st period - Minor Penalty to Brad Marchand for Tripping.
9:15 of 1st period - Brian Boyle wins face-off versus Alexandre Bolduc in Inferno zone.
9:15 of 1st period - Brian Boyle is hit by Chris Bourque.
11:14 of 1st period - Penalty to Brad Marchand is over, Brad Marchand is back on ice.
11:53 of 1st period - Vladimir Sobotka is hit by Nick Foligno and loses puck.
12:51 of 1st period - Snap shot by Vladimir Zharkov.
12:51 of 1st period - Shot Misses the Net.
13:46 of 1st period - Off-side.
13:47 of 1st period - Mikhail Grabovski wins face-off versus Alexandre Bolduc in neutral zone.
13:54 of 1st period - Slapshot by Chris Bourque.
13:54 of 1st period - Goal by Chris Bourque - Gangsters : 2 - Inferno : 1.
13:55 of 1st period - Alexandre Bolduc wins face-off versus Jonathan Ferland in neutral zone.
14:32 of 1st period - Backhand shot by Brian Boyle.
14:32 of 1st period - Shot Misses the Net.
14:48 of 1st period - Wrist shot by Chris Bourque.
14:48 of 1st period - Stopped by Josh Harding without a rebound.
14:49 of 1st period - Artem Anisimov wins face-off versus Colin Wilson in Inferno zone.
14:50 of 1st period - Slapshot by Nick Foligno.
14:50 of 1st period - Shot Misses the Net.
14:55 of 1st period - Off-side.
14:56 of 1st period - Ryan Jones wins face-off versus Mikhail Grabovski in neutral zone.
14:59 of 1st period - Wrist shot by Ryan Jones.
14:59 of 1st period - Stopped by Josh Harding without a rebound.
15:00 of 1st period - Mikhail Grabovski wins face-off versus Artem Anisimov in Inferno zone.
16:08 of 1st period - Wrist shot by Vladimir Zharkov.
16:08 of 1st period - Shot Blocked by Ville Koistinen.
16:10 of 1st period - Snap shot by Vladimir Sobotka.
16:10 of 1st period - Shot Misses the Net.
16:12 of 1st period - Wrist shot by Vladimir Sobotka.
16:12 of 1st period - Shot Misses the Net.
16:14 of 1st period - Slapshot by Yannick Weber.
16:14 of 1st period - Shot Blocked by Alexei Emelin.
16:16 of 1st period - Snap shot by Vladimir Sobotka.
16:16 of 1st period - Shot Blocked by Ville Koistinen.
16:32 of 1st period - Mark Mitera is hit by Ville Koistinen and loses puck.
19:38 of 1st period - Ben Holmstrom is hit by Jozef Balej.
19:56 of 1st period - Icing by Brendan Smith.
19:57 of 1st period - Artem Anisimov wins face-off versus Colin Wilson in Inferno zone.
2nd period
0:01 of 2nd period - Alexandre Bolduc wins face-off versus Mikhail Grabovski in neutral zone.
0:14 of 2nd period - Wrist shot by Alexandre Bolduc.
0:14 of 2nd period - Shot Blocked by Derek Meech.
0:19 of 2nd period - Minor Penalty to Chris Bourque for Hooking.
0:20 of 2nd period - Ryan Keller wins face-off versus Mikhail Grabovski in Gangsters zone.
1:21 of 2nd period - Alexandre Bolduc is hit by Derek Meech and loses puck.
2:19 of 2nd period - Penalty to Chris Bourque is over, Chris Bourque is back on ice.
2:44 of 2nd period - Pierre-Luc Létourneau is hit by Brock Bradford and loses puck.
2:53 of 2nd period - Snap shot by Mikko Lehtonen.
2:53 of 2nd period - Stopped by Josh Harding without a rebound.
2:53 of 2nd period - Minor Penalty to Josh Harding for Slashing.
2:54 of 2nd period - Alexandre Bolduc wins face-off versus Brian Boyle in Inferno zone.
3:31 of 2nd period - Slapshot by Chris Bourque.
3:31 of 2nd period - Stopped by Josh Harding with a rebound.
3:33 of 2nd period - Slapshot by Staffan Kronwall.
3:33 of 2nd period - Stopped by Josh Harding with a rebound.
3:35 of 2nd period - Wrist shot by Ryan Keller.
3:35 of 2nd period - Shot Misses the Net.
3:37 of 2nd period - Wrist shot by Cory Murphy.
3:37 of 2nd period - Shot Misses the Net.
3:39 of 2nd period - Slapshot by Staffan Kronwall.
3:39 of 2nd period - Stopped by Josh Harding with a rebound.
3:41 of 2nd period - Snap shot by Chris Bourque.
3:41 of 2nd period - Goal by Chris Bourque - Gangsters : 3 - Inferno : 1.
3:42 of 2nd period - Artem Anisimov wins face-off versus Mikhail Grabovski in neutral zone.
3:47 of 2nd period - Wrist shot by Artem Anisimov.
3:47 of 2nd period - Stopped by Josh Harding without a rebound.
3:48 of 2nd period - Jonathan Ferland wins face-off versus Artem Anisimov in Inferno zone.
3:54 of 2nd period - Off-side.
3:55 of 2nd period - Mikhail Grabovski wins face-off versus Alexandre Bolduc in neutral zone.
4:20 of 2nd period - Ryan Jones is hit by Andrej Sekera and loses puck.
5:01 of 2nd period - Snap shot by Vladimir Zharkov.
5:01 of 2nd period - Stopped by David LeNeveu with a rebound.
5:03 of 2nd period - Slapshot by Mark Mitera.
5:03 of 2nd period - Stopped by David LeNeveu with a rebound.
5:05 of 2nd period - Snap shot by Vladimir Zharkov.
5:05 of 2nd period - Goal by Vladimir Zharkov - Gangsters : 3 - Inferno : 2.
5:06 of 2nd period - Ryan Keller wins face-off versus Mikhail Grabovski in neutral zone.
5:21 of 2nd period - Slapshot by Derek Meech.
5:21 of 2nd period - Stopped by David LeNeveu with a rebound.
6:04 of 2nd period - Slapshot by Staffan Kronwall.
6:04 of 2nd period - Stopped by Josh Harding without a rebound.
6:05 of 2nd period - Alexandre Bolduc wins face-off versus Mikhail Grabovski in Inferno zone.
6:52 of 2nd period - Wrist shot by Mikhail Grabovski.
6:52 of 2nd period - Shot Misses the Net.
6:54 of 2nd period - Snap shot by Mikhail Grabovski.
6:54 of 2nd period - Shot Misses the Net.
6:56 of 2nd period - Slapshot by Jonathan Ferland.
6:56 of 2nd period - Stopped by David LeNeveu without a rebound.
6:57 of 2nd period - Colin Wilson wins face-off versus Alexandre Bolduc in Gangsters zone.
6:58 of 2nd period - Backhand shot by Jozef Balej.
6:58 of 2nd period - Shot Misses the Net.
7:08 of 2nd period - Wrist shot by Ryan Keller.
7:08 of 2nd period - Stopped by Josh Harding without a rebound.
7:09 of 2nd period - Alexandre Bolduc wins face-off versus Colin Wilson in Inferno zone.
7:50 of 2nd period - Slapshot by Pierre-Luc Létourneau.
7:50 of 2nd period - Shot Blocked by Staffan Kronwall.
8:11 of 2nd period - Slapshot by Andrej Sekera.
8:11 of 2nd period - Stopped by David LeNeveu with a rebound.
8:21 of 2nd period - Slapshot by Nick Foligno.
8:21 of 2nd period - Stopped by Josh Harding with a rebound.
8:23 of 2nd period - Snap shot by Alexei Emelin.
8:23 of 2nd period - Shot Misses the Net.
8:25 of 2nd period - Slapshot by Ryan Jones.
8:25 of 2nd period - Stopped by Josh Harding without a rebound.
8:26 of 2nd period - Mikhail Grabovski wins face-off versus Ryan Keller in Inferno zone.
8:26 of 2nd period - Mikhail Grabovski is hit by Chris Bourque.
8:32 of 2nd period - Snap shot by Brad Marchand.
8:32 of 2nd period - Stopped by David LeNeveu with a rebound.
8:34 of 2nd period - Wrist shot by Brad Marchand.
8:34 of 2nd period - Stopped by David LeNeveu without a rebound.
8:35 of 2nd period - Mikhail Grabovski wins face-off versus Alexandre Bolduc in Gangsters zone.
8:54 of 2nd period - Snap shot by Mikhail Grabovski.
8:54 of 2nd period - Shot Blocked by Cory Murphy.
8:56 of 2nd period - Slapshot by Brendan Mikkelson.
8:56 of 2nd period - Shot Blocked by Cory Murphy.
8:58 of 2nd period - Snap shot by Brendan Mikkelson.
8:58 of 2nd period - Shot Blocked by Staffan Kronwall.
9:00 of 2nd period - Backhand shot by Brendan Smith.
9:00 of 2nd period - Shot Blocked by Cory Murphy.
9:02 of 2nd period - Wrist shot by Brendan Smith.
9:02 of 2nd period - Shot Blocked by Alexandre Bolduc.
9:04 of 2nd period - Wrist shot by Brad Marchand.
9:04 of 2nd period - Stopped by David LeNeveu with a rebound.
9:06 of 2nd period - Wrist shot by Brad Marchand.
9:06 of 2nd period - Stopped by David LeNeveu without a rebound.
9:07 of 2nd period - Colin Wilson wins face-off versus Artem Anisimov in Gangsters zone.
9:27 of 2nd period - Minor Penalty to Dave Dziurzynski for Cross-checking.
9:28 of 2nd period - Ryan Keller wins face-off versus Mikhail Grabovski in Gangsters zone.
9:43 of 2nd period - Slapshot by Andrej Sekera.
9:43 of 2nd period - Stopped by David LeNeveu with a rebound.
9:55 of 2nd period - Minor Penalty to Vladimir Zharkov for Interference.
9:56 of 2nd period - Ryan Keller wins face-off versus Brad Marchand in Inferno zone.
9:57 of 2nd period - Snap shot by Chris Bourque.
9:57 of 2nd period - Stopped by Josh Harding without a rebound.
9:58 of 2nd period - Mikhail Grabovski wins face-off versus Ryan Keller in Inferno zone.
10:14 of 2nd period - Wrist shot by Brad Marchand.
10:14 of 2nd period - Shot Blocked by Chris Bourque.
11:27 of 2nd period - Penalty to Dave Dziurzynski is over, Dave Dziurzynski is back on ice.
11:45 of 2nd period - Icing by Staffan Kronwall.
11:46 of 2nd period - Artem Anisimov wins face-off versus Brian Boyle in Gangsters zone.
11:46 of 2nd period - Artem Anisimov is hit by Brendan Smith.
11:55 of 2nd period - Penalty to Vladimir Zharkov is over, Vladimir Zharkov is back on ice.
12:30 of 2nd period - Vladimir Sobotka is hit by Ryan Keller and loses puck.
12:59 of 2nd period - Chris Bourque is hit by Pierre-Luc Létourneau and loses puck.
13:18 of 2nd period - Wrist shot by Brock Bradford.
13:18 of 2nd period - Stopped by Josh Harding with a rebound.
13:28 of 2nd period - Ville Koistinen is hit by Jozef Balej and loses puck.
13:35 of 2nd period - Slapshot by Cory Murphy.
13:35 of 2nd period - Stopped by Josh Harding with a rebound.
13:45 of 2nd period - Ben Holmstrom is hit by Matt Kassian and loses puck.
14:01 of 2nd period - Off-side.
14:02 of 2nd period - Brian Boyle wins face-off versus Brock Bradford in neutral zone.
14:05 of 2nd period - Snap shot by Pierre-Luc Létourneau.
14:05 of 2nd period - Shot Misses the Net.
14:29 of 2nd period - Alexei Emelin is hit by Jonathan Ferland and loses puck.
14:43 of 2nd period - Minor Penalty to Yannick Weber for Holding.
14:44 of 2nd period - Chris Bourque wins face-off versus Brian Boyle in Inferno zone.
15:19 of 2nd period - Slapshot by Cory Murphy.
15:19 of 2nd period - Deflect By Nick Foligno.
15:19 of 2nd period - Goal by Nick Foligno - Gangsters : 4 - Inferno : 2.
15:19 of 2nd period - Jonathan Boutin enters game.
15:20 of 2nd period - Mikhail Grabovski wins face-off versus Alexandre Bolduc in neutral zone.
16:50 of 2nd period - Icing by Alexei Emelin.
16:51 of 2nd period - Mikhail Grabovski wins face-off versus Brock Bradford in Gangsters zone.
17:07 of 2nd period - Minor Penalty to Mikhail Grabovski for Hooking.
17:07 of 2nd period - Minor Penalty to Dave Dziurzynski for Tripping.
17:08 of 2nd period - Ryan Keller wins face-off versus Stephane Veilleux in Gangsters zone.
17:08 of 2nd period - Ryan Keller is hit by Stephane Veilleux.
17:14 of 2nd period - Slapshot by Staffan Kronwall.
17:14 of 2nd period - Deflect By Andrej Sekera.
17:14 of 2nd period - Stopped by Jonathan Boutin with a rebound.
18:12 of 2nd period - Slapshot by Alexei Emelin.
18:12 of 2nd period - Stopped by Jonathan Boutin without a rebound.
18:13 of 2nd period - Ryan Jones wins face-off versus Stephane Veilleux in Inferno zone.
18:34 of 2nd period - Wrist shot by Jozef Balej.
18:34 of 2nd period - Shot Misses the Net.
18:46 of 2nd period - Brendan Mikkelson is hit by Ryan Jones and loses puck.
19:07 of 2nd period - Penalty to Mikhail Grabovski is over, Mikhail Grabovski is back on ice.
19:07 of 2nd period - Penalty to Dave Dziurzynski is over, Dave Dziurzynski is back on ice.
19:07 of 2nd period - Brian Boyle is hit by Dave Dziurzynski and loses puck.
19:17 of 2nd period - Icing by Cory Murphy.
19:18 of 2nd period - Mikko Lehtonen wins face-off versus Vladimir Sobotka in Gangsters zone.
3rd period
0:01 of 3rd period - Mikhail Grabovski wins face-off versus Alexandre Bolduc in neutral zone.
0:14 of 3rd period - Snap shot by Alexandre Bolduc.
0:14 of 3rd period - Shot Misses the Net.
0:16 of 3rd period - Slapshot by Cory Murphy.
0:16 of 3rd period - Shot Misses the Net.
0:48 of 3rd period - Brendan Mikkelson is hit by Mikko Lehtonen and loses puck.
1:17 of 3rd period - Alexandre Bolduc is hit by Vladimir Zharkov and loses puck.
1:32 of 3rd period - Wrist shot by Ryan Jones.
1:32 of 3rd period - Stopped by Jonathan Boutin with a rebound.
1:34 of 3rd period - Snap shot by Artem Anisimov.
1:34 of 3rd period - Shot Blocked by Mikhail Grabovski.
1:44 of 3rd period - Mikko Lehtonen is hit by Brendan Smith.
1:45 of 3rd period - Icing by Mikko Lehtonen.
1:46 of 3rd period - Brock Bradford wins face-off versus Colin Wilson in Gangsters zone.
1:55 of 3rd period - Wrist shot by Cory Murphy.
1:55 of 3rd period - Stopped by Jonathan Boutin with a rebound.
1:57 of 3rd period - Wrist shot by Brock Bradford.
1:57 of 3rd period - Goal by Brock Bradford - Gangsters : 5 - Inferno : 2.
1:58 of 3rd period - Alexandre Bolduc wins face-off versus Mikhail Grabovski in neutral zone.
2:03 of 3rd period - Icing by Jonathan Ferland.
2:04 of 3rd period - Mikhail Grabovski wins face-off versus Alexandre Bolduc in Inferno zone.
2:04 of 3rd period - Mikhail Grabovski is hit by Alexandre Bolduc.
2:19 of 3rd period - Slapshot by Staffan Kronwall.
2:19 of 3rd period - Deflect By Chris Bourque.
2:19 of 3rd period - Shot Misses the Net.
2:19 of 3rd period - Puck is out of play.
2:20 of 3rd period - Colin Wilson wins face-off versus Artem Anisimov in Inferno zone.
2:45 of 3rd period - Staffan Kronwall is hit by Andrej Sekera and loses puck.
2:54 of 3rd period - Backhand shot by Mikhail Grabovski.
2:54 of 3rd period - Shot Misses the Net.
2:56 of 3rd period - Slapshot by Brendan Mikkelson.
2:56 of 3rd period - Shot Misses the Net.
2:58 of 3rd period - Slapshot by Brendan Smith.
2:58 of 3rd period - Deflect By Chris Bourque.
2:58 of 3rd period - Stopped by David LeNeveu with a rebound.
3:05 of 3rd period - Icing by Chris Bourque.
3:06 of 3rd period - Brock Bradford wins face-off versus Brian Boyle in Gangsters zone.
3:15 of 3rd period - Slapshot by Cory Murphy.
3:15 of 3rd period - Stopped by Jonathan Boutin without a rebound.
3:16 of 3rd period - Alexandre Bolduc wins face-off versus Mikhail Grabovski in Inferno zone.
3:29 of 3rd period - Slapshot by Brad Marchand.
3:29 of 3rd period - Shot Misses the Net.
3:31 of 3rd period - Slapshot by Andrej Sekera.
3:31 of 3rd period - Shot Blocked by Alexandre Bolduc.
3:48 of 3rd period - Slapshot by Ryan Jones.
3:48 of 3rd period - Stopped by Jonathan Boutin with a rebound.
3:50 of 3rd period - Wrist shot by Nick Foligno.
3:50 of 3rd period - Stopped by Jonathan Boutin without a rebound.
3:51 of 3rd period - Mikhail Grabovski wins face-off versus Alexandre Bolduc in Inferno zone.
4:04 of 3rd period - Wrist shot by Chris Bourque.
4:04 of 3rd period - Stopped by Jonathan Boutin with a rebound.
4:16 of 3rd period - Stephane Veilleux is hit by Nick Foligno and loses puck.
4:22 of 3rd period - Minor Penalty to Jozef Balej for Interference.
4:23 of 3rd period - Brian Boyle wins face-off versus Alexandre Bolduc in Inferno zone.
5:25 of 3rd period - Vladimir Sobotka is hit by Nick Foligno and loses puck.
5:44 of 3rd period - Snap shot by Mikhail Grabovski.
5:44 of 3rd period - Shot Blocked by Cory Murphy.
6:22 of 3rd period - Penalty to Jozef Balej is over, Jozef Balej is back on ice.
6:38 of 3rd period - Minor Penalty to Dave Dziurzynski for Roughing.
6:39 of 3rd period - Mikhail Grabovski wins face-off versus Ryan Keller in Gangsters zone.
6:40 of 3rd period - Wrist shot by Brad Marchand.
6:40 of 3rd period - Goal by Brad Marchand - Gangsters : 5 - Inferno : 3.
6:41 of 3rd period - Alexandre Bolduc wins face-off versus Mikhail Grabovski in neutral zone.
6:49 of 3rd period - Jonathan Ferland is hit by Staffan Kronwall and loses puck.
7:21 of 3rd period - Bryan Young is hit by Jozef Balej and loses puck.
7:55 of 3rd period - Snap shot by Brendan Mikkelson.
7:55 of 3rd period - Deflect By Matt Kassian.
7:55 of 3rd period - Stopped by David LeNeveu with a rebound.
7:57 of 3rd period - Slapshot by Brendan Mikkelson.
7:57 of 3rd period - Stopped by David LeNeveu with a rebound.
7:59 of 3rd period - Wrist shot by Vladimir Sobotka.
7:59 of 3rd period - Shot Misses the Net.
8:01 of 3rd period - Snap shot by Vladimir Zharkov.
8:01 of 3rd period - Stopped by David LeNeveu without a rebound.
8:02 of 3rd period - Mikhail Grabovski wins face-off versus Alexandre Bolduc in Gangsters zone.
8:03 of 3rd period - Snap shot by Jonathan Ferland.
8:03 of 3rd period - Shot Misses the Net.
8:27 of 3rd period - Colin Wilson is hit by Artem Anisimov and loses puck.
8:37 of 3rd period - Off-side.
8:38 of 3rd period - Mikhail Grabovski wins face-off versus Ryan Keller in neutral zone.
8:42 of 3rd period - Minor Penalty to Brad Marchand for Tripping.
8:43 of 3rd period - Alexandre Bolduc wins face-off versus Brian Boyle in Inferno zone.
9:12 of 3rd period - Slapshot by Nick Foligno.
9:12 of 3rd period - Stopped by Jonathan Boutin with a rebound.
9:14 of 3rd period - Slapshot by Ryan Jones.
9:14 of 3rd period - Shot Blocked by Jonathan Ferland.
9:16 of 3rd period - Slapshot by Ryan Jones.
9:16 of 3rd period - Shot Misses the Net.
10:42 of 3rd period - Penalty to Brad Marchand is over, Brad Marchand is back on ice.
11:02 of 3rd period - Slapshot by Staffan Kronwall.
11:02 of 3rd period - Deflect By Brock Bradford.
11:02 of 3rd period - Stopped by Jonathan Boutin with a rebound.
11:04 of 3rd period - Slapshot by Cory Murphy.
11:04 of 3rd period - Shot Blocked by Yannick Weber.
11:06 of 3rd period - Snap shot by Ben Holmstrom.
11:06 of 3rd period - Stopped by Jonathan Boutin with a rebound.
11:08 of 3rd period - Slapshot by Cory Murphy.
11:08 of 3rd period - Shot Misses the Net.
11:20 of 3rd period - Snap shot by Vladimir Zharkov.
11:20 of 3rd period - Stopped by David LeNeveu with a rebound.
11:22 of 3rd period - Slapshot by Brendan Mikkelson.
11:22 of 3rd period - Deflect By Mikhail Grabovski.
11:22 of 3rd period - Stopped by David LeNeveu with a rebound.
11:32 of 3rd period - Brock Bradford is hit by Jozef Balej and loses puck.
11:49 of 3rd period - Brian Boyle is hit by Ben Holmstrom and loses puck.
12:00 of 3rd period - Bryan Young is hit by Jonathan Ferland.
12:10 of 3rd period - Ben Holmstrom is hit by Vladimir Zharkov and loses puck.
12:31 of 3rd period - Ryan Jones is hit by Jozef Balej.
12:51 of 3rd period - Slapshot by Andrej Sekera.
12:51 of 3rd period - Shot Blocked by Shaun Heska.
12:53 of 3rd period - Snap shot by Jonathan Ferland.
12:53 of 3rd period - Stopped by David LeNeveu without a rebound.
12:54 of 3rd period - Alexandre Bolduc wins face-off versus Mikhail Grabovski in Gangsters zone.
13:36 of 3rd period - Slapshot by Brendan Mikkelson.
13:36 of 3rd period - Shot Misses the Net.
13:38 of 3rd period - Slapshot by Brendan Mikkelson.
13:38 of 3rd period - Deflect By Pierre-Luc Létourneau.
13:38 of 3rd period - Stopped by David LeNeveu with a rebound.
13:40 of 3rd period - Snap shot by Brendan Mikkelson.
13:40 of 3rd period - Deflect By Ryan Keller.
13:40 of 3rd period - Stopped by David LeNeveu with a rebound.
13:42 of 3rd period - Snap shot by Pierre-Luc Létourneau.
13:42 of 3rd period - Shot Blocked by Shaun Heska.
13:44 of 3rd period - Snap shot by Pierre-Luc Létourneau.
13:44 of 3rd period - Stopped by David LeNeveu with a rebound.
13:46 of 3rd period - Snap shot by Alex Berry.
13:46 of 3rd period - Shot Misses the Net.
13:48 of 3rd period - Wrist shot by Alex Berry.
13:48 of 3rd period - Stopped by David LeNeveu with a rebound.
14:02 of 3rd period - Wrist shot by Mikko Lehtonen.
14:02 of 3rd period - Shot Blocked by Yannick Weber.
14:09 of 3rd period - Minor Penalty to Ryan Jones for Roughing.
14:10 of 3rd period - Mikhail Grabovski wins face-off versus Ryan Keller in Gangsters zone.
14:19 of 3rd period - Snap shot by Jonathan Ferland.
14:19 of 3rd period - Shot Blocked by Staffan Kronwall.
14:21 of 3rd period - Snap shot by Jonathan Ferland.
14:21 of 3rd period - Goal by Jonathan Ferland - Gangsters : 5 - Inferno : 4.
14:22 of 3rd period - Mikhail Grabovski wins face-off versus Alexandre Bolduc in neutral zone.
14:29 of 3rd period - Jonathan Ferland is hit by Chris Bourque and loses puck.
14:34 of 3rd period - Slapshot by Chris Bourque.
14:34 of 3rd period - Stopped by Jonathan Boutin with a rebound.
14:36 of 3rd period - Slapshot by Staffan Kronwall.
14:36 of 3rd period - Stopped by Jonathan Boutin with a rebound.
14:38 of 3rd period - Slapshot by Staffan Kronwall.
14:38 of 3rd period - Stopped by Jonathan Boutin with a rebound.
14:54 of 3rd period - Slapshot by Cory Murphy.
14:54 of 3rd period - Stopped by Jonathan Boutin with a rebound.
14:56 of 3rd period - Slapshot by Nick Foligno.
14:56 of 3rd period - Stopped by Jonathan Boutin with a rebound.
15:16 of 3rd period - Slapshot by Derek Meech.
15:16 of 3rd period - Shot Blocked by Ville Koistinen.
16:00 of 3rd period - Snap shot by Stephane Veilleux.
16:00 of 3rd period - Shot Blocked by Bryan Young.
16:01 of 3rd period - Minor Penalty to Stephane Veilleux for Roughing.
16:01 of 3rd period - Minor Penalty to Shaun Heska for High sticking.
16:02 of 3rd period - Mikhail Grabovski wins face-off versus Chris Bourque in Gangsters zone.
16:05 of 3rd period - Wrist shot by Brad Marchand.
16:05 of 3rd period - Stopped by David LeNeveu with a rebound.
16:07 of 3rd period - Snap shot by Mikhail Grabovski.
16:07 of 3rd period - Shot Misses the Net.
16:09 of 3rd period - Snap shot by Brad Marchand.
16:09 of 3rd period - Goal by Brad Marchand - Gangsters : 5 - Inferno : 5.
16:10 of 3rd period - Ryan Keller wins face-off versus Mikhail Grabovski in neutral zone.
16:17 of 3rd period - Snap shot by Staffan Kronwall.
16:17 of 3rd period - Shot Misses the Net.
16:19 of 3rd period - Wrist shot by Chris Bourque.
16:19 of 3rd period - Shot Hit the Post.
17:11 of 3rd period - Slapshot by Brendan Mikkelson.
17:11 of 3rd period - Shot Misses the Net.
17:26 of 3rd period - Cory Murphy is hit by Derek Meech and loses puck.
18:01 of 3rd period - Penalty to Stephane Veilleux is over, Stephane Veilleux is back on ice.
18:01 of 3rd period - Penalty to Shaun Heska is over, Shaun Heska is back on ice.
18:18 of 3rd period - Slapshot by Brendan Smith.
18:18 of 3rd period - Stopped by David LeNeveu without a rebound.
18:19 of 3rd period - Brian Boyle wins face-off versus Dave Dziurzynski in Gangsters zone.
18:23 of 3rd period - Penalty Shot by Staffan Kronwall for Gangsters.
18:23 of 3rd period - Snap shot by Staffan Kronwall.
18:23 of 3rd period - Stopped by Jonathan Boutin.
18:24 of 3rd period - Brock Bradford wins face-off versus Brian Boyle in Gangsters zone.
18:50 of 3rd period - Dave Dziurzynski is hit by Vladimir Zharkov and loses puck.
19:03 of 3rd period - Minor Penalty to Matt Kassian for Cross-checking.
19:04 of 3rd period - Brian Boyle wins face-off versus Alexandre Bolduc in Inferno zone.
19:31 of 3rd period - Derek Meech is hit by Nick Foligno and loses puck.
Overtime #1
0:01 of 1st overtime period - Brian Boyle wins face-off versus Chris Bourque in neutral zone.
0:44 of 1st overtime period - Wrist shot by Alexei Emelin.
0:44 of 1st overtime period - Shot Misses the Net.
1:03 of 1st overtime period - Penalty to Matt Kassian is over, Matt Kassian is back on ice.
1:21 of 1st overtime period - Snap shot by Brad Marchand.
1:21 of 1st overtime period - Shot Blocked by Staffan Kronwall.
1:23 of 1st overtime period - Slapshot by Brad Marchand.
1:23 of 1st overtime period - Goal by Brad Marchand - Gangsters : 5 - Inferno : 6.
Output by the SimonT Hockey Simulator (STHS) for François Prévost -- Original Page W3C XHTML 1.0 Valid